 Dungeon Crawl Stone Soup version 0.20-a0-993-gba41c3c (webtiles) character file.

57260 dvd the Markscentaur (level 14, 0/127 HPs)
             Began as a Centaur Hunter on Apr 10, 2017.
             Was a High Priest of Okawaru.
             Slain by Donald
             ... wielding a +0 scimitar of pain
              (20 damage)
             ... on level 2 of the Orcish Mines on Apr 11, 2017.
             The game lasted 01:45:57 (22188 turns).

dvd the Markscentaur (Centaur Hunter)              Turns: 22188, Time: 01:45:58

Health: 0/127      AC: 21    Str: 23    XL:     14   Next: 45%
Magic:  16/16      EV: 12    Int: 10    God:    Okawaru [*****.]
Gold:   1507       SH:  3    Dex: 13    Spells: 13/13 levels left

rFire    + . .     SeeInvis .   a - +2 shortbow
rCold    + . .     Gourm    .   (shield currently unavailable)
rNeg     . . .     Faith    .   K - +0 ring mail {rC+}
rPois    +         Spirit   .   x - +2 helmet
rElec    +         Reflect  +   v - +2 cloak {rPois}
rCorr    +         Harm     .   n - +1 pair of gloves
MR       +....                  z - +2 centaur barding {rF+}
Stlth    ++........             u - +3 amulet of reflection
Regen    1.2/turn               I - +6 ring of strength
MPRegen  0.2/turn               E - ring of Lies {rCorr rElec Stlth+}

@: drained, very quick
A: hooves 3, repulsion field 1, deformed body, speed 2, regeneration 2, tough
skin 3, evolution 1
a: Heroism, Finesse, Renounce Religion


You were on level 2 of the Orcish Mines.
You worshipped Okawaru.
Okawaru was extremely pleased with you.
You were not hungry.

You visited 3 branches of the dungeon, and saw 20 of its levels.
You visited the Abyss 1 time.
You also visited: Labyrinth.

You collected 1507 gold pieces.

Inventory:

Hand Weapons
 a - a +2 shortbow (weapon)
 b - a +1 rapier of venom
 c - a +7 scimitar of freezing
 d - a +5 trident of holy wrath
 P - a +2 battleaxe of electrocution
 W - a +0 triple sword
 Z - a +2 dire flail of protection
Missiles
 e - 3 tomahawks
 D - 206 arrows (quivered)
Armour
 n - a +1 pair of gloves (worn)
 v - a +2 cloak of poison resistance (worn)
 x - a +2 helmet (worn)
 z - a +2 centaur barding of fire resistance (worn)
 K - a +0 ring mail of cold resistance (worn)
 N - a +0 troll leather armour
 S - +0 acid dragon scales
 X - a +1 leather armour of magic resistance
Jewellery
 u - a +3 amulet of reflection (around neck)
 E - the ring of Lies (right hand) {rCorr rElec Stlth+}
   (You found it on level 7 of the Dungeon)

   [ring of resist corrosion]

   It insulates you from electricity.
   It makes you more stealthy.
 I - a +6 ring of strength (left hand)
Wands
 k - a wand of iceblast (1/15)
 l - a wand of lightning (5/15)
 m - a wand of iceblast (12/15)
 o - a wand of flame (20/48)
 p - a wand of digging (17/24)
 y - a wand of lightning (2/15)
 C - a wand of disintegration (6/24)
 G - a wand of iceblast (10/15)
 H - a wand of clouds (5/9)
 T - a wand of acid (7/15)
Scrolls
 g - 9 scrolls of identify
 j - 7 scrolls of remove curse
 w - 4 scrolls of amnesia
 A - 2 scrolls of fear
 B - 5 scrolls of fog
 L - a scroll of teleportation
 O - 3 scrolls of magic mapping
Potions
 h - 3 potions of might
 i - 3 potions of curing
 r - a potion of flight
 t - 2 potions of mutation
 J - 2 potions of brilliance
 Q - a potion of heal wounds
 R - 2 potions of haste
 V - a potion of agility
 Y - a potion of resistance
Comestibles
 f - 13 bread rations
 q - 2 royal jellies
 s - 9 meat rations
 F - 6 fruits
 M - 25 chunks of flesh


   Skills:
 + Level 12.4(12.0) Fighting
 + Level 9.7(9.4) Long Blades
 + Level 6.4(7.6) Axes
 + Level 3.3(5.0) Maces & Flails
 + Level 6.0(7.0) Polearms
 + Level 16.0(15.6) Bows
 + Level 4.9(4.6) Armour
 + Level 6.3(6.0) Dodging
 + Level 3.4(3.1) Stealth
 + Level 3.5(3.2) Invocations
 + Level 1.3(1.0) Evocations


You had 13 spell levels left.
You didn't know any spells.

Dungeon Overview and Level Annotations

Branches:
Dungeon (12/15)            Temple (0/1) D:6            Lair (6/6) D:10
 Shoals (0/4) Lair:2       Spider (0/4) Lair:2        Slime (0/5) Lair:5
    Orc (2/2) D:10            Elf (0/3) Orc:2

Altars:
Ashenzari
Fedhas
Okawaru
Trog
Vehumet
Wu Jian
Xom
Yredelemnul
Jiyva

Shops:
D:9 *

Annotations:
D:9 4 runed doors
Lair:2 exclusion: oklob plant
Orc:2 Donald, Nessos


Innate Abilities, Weirdness & Mutations

You have hooves in place of feet.
Armour fits poorly on your strangely shaped body.
You cover ground very quickly.
You have extremely tough skin. (AC +3)
You are surrounded by a mild repulsion field. (EV +2)
You heal very quickly.
You evolve.


Message History

* * * LOW HITPOINT WARNING * * *
The troll barely misses you. The troll claws you.
* * * LOW HITPOINT WARNING * * *
Unknown command.
You feel much better.
You feel very sick.
Nessos blinks!
Donald hits you with a scimitar of pain!!
* * * LOW HITPOINT WARNING * * *
You writhe in agony.
* * * LOW HITPOINT WARNING * * *
The troll bites you.
* * * LOW HITPOINT WARNING * * *
The troll claws you but does no damage. x2
Unknown command.
Okay, then.
Unknown command.
You feel better.
Donald hits you with a scimitar of pain!!
You die...

..............#
..............#
..............#
..............#
..............##########
........................
.....#........§.§.......
.............(§§§.......
..........#...§@@.......
..............cT........
........................
...................(....
...>.....(.(((.$........
####.............$......
##.##.............#..
###..............##.
##.............


You could see Donald, Nessos and a troll.

Vanquished Creatures
  A tentacled starspawn (Abyss:2)
  The ghost of no0bjke the Protected, a journeyman GrFi of Okawaru (Lair:6)
  A minotaur (Lab)
  Harold (Lair:3)
  A great orb of eyes (Abyss:2)
  A hell beast (Lair:6)
  5 hydras
  Erolcha (Orc:2)
  2 catoblepae
  2 two-headed ogres
  2 death yaks
  2 thrashing horrors (Abyss:2)
  The ghost of nht the Grappler, a novice OgSk of Okawaru (D:8)
  2 sixfirhies (Abyss:2)
  2 wretched stars (Abyss:2)
  The ghost of Avack the Artisan of Death, a novice DsIE of Kikubaaqudgha (D:9)
  An orc sorcerer (Orc:2)
  A cyclops (D:11)
  A manticore (D:11)
  4 black mambas
  A smoke demon (Lair:6)
  7 elephants
  A torpor snail (Lair:3)
  An orange demon (Lair:6)
  8 spiny frogs
  A hellion (Abyss:2)
  5 komodo dragons
  3 rime drakes (Lair:6)
  3 ice devils (Lair:6)
  3 ancient zymes (Abyss:2)
  A red devil (Lair:6)
  5 polar bears
  2 trolls
  A hornet (D:11)
  A raiju (Abyss:2)
  10 hippogriffs
  A snapping turtle (Lair:2)
  11 dream sheep
  15 blink frogs
  27 yaks
  A spriggan (D:7)
  2 wyverns
  2 vampires
  The ghost of Dirtsage the Slasher, an amateur DrGl of Wu Jian (D:3)
  A steam dragon (Lair:3)
  3 hungry ghosts
  2 basilisks
  4 swamp worms (Lair:1)
  An acid dragon (D:11)
  4 hell hounds
  10 water moccasins
  14 porcupines
  10 orc warriors
  4 ice beasts
  A black bear (D:10)
  3 sky beasts
  2 phantoms
  12 wolves
  7 ogres
  4 starcursed masses (Abyss:2)
  5 centaurs
  A necrophage (D:10)
  4 boggarts (D:12)
  10 crocodiles
  7 small abominations (Abyss:2)
  2 big kobolds
  Blork the orc (D:6)
  A gnoll sergeant (D:8)
  7 bullfrogs
  2 scorpions
  A wyvern skeleton (D:8)
  5 killer bees (D:11)
  20 wights
  2 howler monkeys (D:6)
  3 electric eels (D:10)
  2 crimson imps (D:7)
  2 centaur zombies
  4 bullfrog skeletons
  11 hounds
  A jelly (D:5)
  A gnoll shaman (D:6)
  7 orc priests
  13 orc wizards
  A centaur skeleton (D:4)
  An iron imp (Abyss:2)
  2 iguanas
  7 worker ants
  A hound zombie (D:10)
  3 hound skeletons
  2 howler monkey zombies
  A worker ant zombie (D:6)
  9 adders
  12 gnolls
  A shadow imp (D:7)
  2 oozes
  An adder skeleton (D:4)
  17 worms
  4 dart slugs
  5 leopard geckos
  44 orcs
  A ball python (D:3)
  8 bats
  7 giant cockroaches
  10 goblins
  10 hobgoblins
  29 jackals
  7 quokkas
  5 frilled lizards
  A jackal zombie (D:7)
  15 kobolds
  2 leopard gecko skeletons (D:6)
  2 quokka skeletons
  8 rats
  2 butterflies
  A plant (Lair:2)
  A starspawn tentacle (Abyss:2)
562 creatures vanquished.

Vanquished Creatures (others)
  7 fungi
  2 plants (Lair:1)
  A starspawn tentacle (Abyss:2)
10 creatures vanquished.

Grand Total: 572 creatures vanquished

Notes
Turn   | Place    | Note
-------+----------+-------------------------------------------
     0 | D:1      | dvd the Centaur Hunter began the quest for the Orb.
     0 | D:1      | Reached XP level 1. HP: 17/17 MP: 1/1
   333 | D:1      | Reached XP level 2. HP: 24/24 MP: 2/2
   381 | D:1      | Reached skill level 6 in Bows
   667 | D:1      | Reached XP level 3. HP: 29/29 MP: 3/3
  1110 | D:2      | Reached XP level 4. HP: 36/37 MP: 4/4
  1200 | D:2      | Found a radiant altar of Vehumet.
  1441 | D:2      | Reached skill level 7 in Bows
  1675 | D:3      | Noticed Dirtsage's ghost (amateur DrGl)
  1889 | D:3      | Killed Dirtsage's ghost
  1889 | D:3      | Reached skill level 1 in Axes
  1889 | D:3      | Reached skill level 8 in Bows
  1889 | D:3      | Reached XP level 5. HP: 32/42 MP: 5/5
  2204 | D:3      | Found a bloodstained altar of Trog.
  2235 | D:3      | Reached XP level 6. HP: 10/50 MP: 6/6
  3178 | D:4      | Found a shattered altar of Ashenzari.
  3195 | D:4      | Reached skill level 1 in Armour
  3290 | D:4      | Reached skill level 1 in Maces & Flails
  3290 | D:4      | Reached skill level 9 in Bows
  3394 | D:4      | Reached XP level 7. HP: 52/57 MP: 7/7
  3608 | D:4      | Found a blossoming altar of Fedhas.
  4103 | D:5      | Entered Level 5 of the Dungeon
  4344 | D:5      | Reached skill level 1 in Stealth
  4381 | D:5      | Reached XP level 8. HP: 66/66 MP: 8/8
  4912 | D:6      | Reached skill level 10 in Bows
  5096 | D:6      | Noticed Blork the orc
  5107 | D:6      | Killed Blork the orc
  5664 | D:6      | Reached skill level 5 in Fighting
  5690 | D:6      | Found an iron altar of Okawaru.
  5700 | D:6      | Became a worshipper of Warmaster Okawaru
  5921 | D:6      | Reached skill level 11 in Bows
  5941 | D:6      | Gained mutation: You occasionally shout uncontrollably at your foes. [mutagenic meat]
  5942 | D:6      | Gained mutation: Your spells are a little harder to cast, but a little more powerful. [mutagenic meat]
  5943 | D:6      | Gained mutation: You are surrounded by a mild repulsion field. (EV +2) [mutagenic meat]
  5945 | D:6      | Lost mutation: Your spells are a little harder to cast, but a little more powerful. [mutagenic meat]
  5946 | D:6      | Gained mutation: Your muscles are strong. (Str +2) [mutagenic meat]
  6133 | D:6      | Reached XP level 9. HP: 62/74 MP: 9/9
  6284 | D:6      | Found a staircase to the Ecumenical Temple.
  6587 | D:6      | Reached * piety under Okawaru
  6662 | D:7      | Noticed a white ugly thing
  6863 | D:7      | Got a brightly glowing bronze ring
  6864 | D:7      | Identified the ring of Lies {rCorr rElec Stlth+} (You found it on level 7 of the Dungeon)
  7001 | D:7      | Found a basalt altar of Yredelemnul.
  7017 | D:7      | Reached skill level 12 in Bows
  7019 | D:7      | Reached skill level 1 in Long Blades
  7306 | D:7      | Reached skill level 1 in Invocations
  7647 | D:7      | Identified a scroll of acquirement
  7913 | D:8      | Noticed nht's ghost (novice OgSk)
  8068 | D:8      | Gained mutation: Your flesh is cold resistant. (rC+) [mutagenic meat]
  8069 | D:8      | Lost mutation: Your flesh is cold resistant. (rC+) [mutagenic meat]
  8071 | D:8      | Gained mutation: Your muscles are very strong. (Str +4) [mutagenic meat]
  8370 | D:8      | Reached ** piety under Okawaru
  8370 | D:8      | Reached skill level 13 in Bows
  8400 | D:8      | Reached XP level 10. HP: 38/84 MP: 8/11
  8773 | D:8      | Reached skill level 1 in Polearms
  8931 | D:8      | Killed nht's ghost
  9082 | D:9      | Found a shimmering altar of Xom.
  9233 | D:9      | Noticed Avack's ghost (novice DsIE)
  9279 | D:9      | Killed Avack's ghost
  9279 | D:9      | Reached *** piety under Okawaru
  9443 | D:9      | Received a gift from Okawaru
  9619 | D:9      | Found Qosmuasm's Assorted Antiques.
  9845 | D:9      | Found a runed door.
  9849 | D:9      | Noticed a two-headed ogre
  9892 | D:9      | Killed a two-headed ogre
  9892 | D:9      | Reached skill level 14 in Bows
  9950 | D:9      | Found a runed door.
  9961 | D:9      | Found a runed door.
  9972 | D:9      | Found a runed door.
 10039 | D:10     | Entered Level 10 of the Dungeon
 10159 | D:10     | Reached **** piety under Okawaru
 10159 | D:10     | Reached skill level 5 in Long Blades
 10216 | D:10     | Reached XP level 11. HP: 83/93 MP: 12/12
 10242 | D:10     | Noticed a two-headed ogre
 10295 | D:10     | Killed a two-headed ogre
 10295 | D:10     | Received a gift from Okawaru
 10502 | D:10     | Found a staircase to the Lair.
 11150 | D:10     | Found a staircase to the Orcish Mines.
 11281 | D:11     | Found an ornate altar of the Wu Jian Council.
 11386 | D:11     | Received a gift from Okawaru
 11650 | D:11     | Reached ***** piety under Okawaru
 11712 | D:11     | Lost mutation: You occasionally shout uncontrollably at your foes. [potion of mutation]
 11712 | D:11     | Lost mutation: Your muscles are very strong. (Str +4) [potion of mutation]
 11712 | D:11     | Gained mutation: You have a pair of small horns on your head. [potion of mutation]
 11712 | D:11     | Gained mutation: Your natural rate of healing is unusually fast. [potion of mutation]
 11712 | D:11     | Gained mutation: You evolve. [potion of mutation]
 12086 | D:12     | Noticed a cyan ugly thing
 12090 | D:12     | Received a gift from Okawaru
 12289 | Lair:1   | Entered Level 1 of the Lair of Beasts
 12394 | Lair:1   | Reached skill level 1 in Evocations
 12734 | Lair:1   | Reached XP level 12. HP: 105/105 MP: 13/13
 12785 | Lair:1   | Gained mutation: You heal very quickly. [evolution]
 13327 | Lair:1   | Reached skill level 15 in Bows
 13479 | Lair:1   | Upgraded the game from 0.20-a0-984-ge8aa303 to 0.20-a0-993-gba41c3c
 13926 | Lair:2   | Found a hole to the Spider Nest.
 14080 | Lair:2   | Reached skill level 10 in Fighting
 14114 | Lair:2   | Lost mutation: You have a pair of small horns on your head. [evolution]
 14400 | Lair:2   | Found a staircase to the Shoals.
 14767 | Lair:3   | Noticed a death yak
 14841 | Lair:3   | Killed a death yak
 15019 | Lair:3   | Noticed Harold
 15044 | Lair:3   | Killed Harold
 15044 | Lair:3   | Received a gift from Okawaru
 15525 | Lair:3   | Lost mutation: Your muscles are strong. (Str +2) [evolution]
 15787 | Lair:4   | Noticed a catoblepas
 16662 | Lair:4   | Killed a catoblepas
 17060 | Lair:5   | Received a gift from Okawaru
 17096 | Lair:5   | Noticed a four-headed hydra
 17138 | Lair:5   | Killed a four-headed hydra
 17138 | Lair:5   | Reached skill level 5 in Dodging
 17146 | Lair:5   | Reached XP level 13. HP: 36/115 MP: 12/14
 17244 | Lair:5   | Found a staircase to the Slime Pits.
 17269 | Lair:5   | Found a viscous altar of Jiyva.
 17866 | Lair:5   | Received a gift from Okawaru
 18143 | Lair:6   | Entered Level 6 of the Lair of Beasts
 18165 | Lair:6   | Noticed no0bjke's ghost (journeyman GrFi)
 18194 | Lair:6   | Killed no0bjke's ghost
 18240 | Lair:6   | Reached skill level 5 in Axes
 18324 | Lair:6   | Found a labyrinth entrance.
 18334 | Lab      | Entered a labyrinth
 19267 | Lab      | Noticed a minotaur
 19277 | Lab      | Killed a minotaur
 19281 | Lab      | Identified Rimpeat's Tome of the Ensnaring Birds
 20113 | Lair:6   | Received a gift from Okawaru
 20785 | Lair:6   | Reached skill level 5 in Polearms
 20785 | Lair:6   | Reached XP level 14. HP: 124/126 MP: 16/16
 20919 | Lair:6   | Cast into level 2 of the Abyss (a wizard)
 21135 | Abyss:2  | Noticed a tentacled starspawn
 21143 | Abyss:2  | Killed a tentacled starspawn
 21374 | Abyss:2  | Noticed a starcursed mass
 21421 | Abyss:2  | Paralysed by a great orb of eyes for 4 turns
 21456 | Lair:6   | Escaped the Abyss
 21630 | Orc:1    | Entered Level 1 of the Orcish Mines
 21699 | Orc:1    | Found a bloodstained altar of Trog.
 21781 | Orc:2    | Entered Level 2 of the Orcish Mines
 21781 | Orc:2    | Noticed Erolcha
 21785 | Orc:2    | Killed Erolcha
 21785 | Orc:2    | Received a gift from Okawaru
 21907 | Orc:2    | Paralysed by an orc sorcerer for 2 turns
 21924 | Orc:2    | Reached skill level 16 in Bows
 22152 | Orc:2    | Found a staircase to the Elven Halls.
 22170 | Orc:2    | Noticed Donald
 22174 | Orc:2    | Noticed Nessos
 22188 | Orc:2    | Slain by Donald

Vault maps used:
D:1:      zaba_arrival_water, minmay_stone_trees_small
D:2:      old_standard_altar
D:3:      nicolae_overflow_crystal_walls, first_bread
D:4:      cheibrodos_ashenzari_chains, fedhas_altar_2
D:6:      okawaru_gym_becter, minmay_temple_entry_enclosed_plants,
          uniq_blork_the_orc
D:7:      old_standard_altar, the_bakery, grunt_decor_one_mirror
D:9:      xom_butterflies, serial_shops, kennysheep_little_box,
          kennysheep_crisscross, minmay_statue_crystal_thing
D:10:     erik_lair_island
D:11:     basic_altar
D:12:     nicolae_evil_shop
Lair:1:   worms_lemuel, grunt_megastairs_4
Lair:2:   minmay_shoals_entry_hut, spider_nest_entry_a,
          cheibrodos_lair_lostbears, grunt_megastairs_5, lemuel_fruit_tree,
          minmay_lair_oklob_chamber
Lair:3:   uniq_harold
Lair:4:   grunt_megastairs_1
Lair:5:   slime_altar_1, guppyfry_lair_drakes, infiniplex_staircase_pool_2
Lair:6:   evil_forest, lab_entry_generic
Orc:1:    trog_hazing_becter
Orc:2:    st_orc_elflike, serial_shops, nicolae_shop_behind_doors, uniq_donald,
          uniq_erolcha, uniq_nessos
Lab:      labyrinth_hidden_loot, nicolae_lab_dead_end

Skill      XL: |  1  2  3  4  5  6  7  8  9 10 11 12 13 14 |
---------------+-------------------------------------------+-----
Bows           | 6 8 9 11 13 14 15 16 | 16.0
Axes           | 1 2 3 4 5 6 |  6.4
Fighting       | 3 4 5 6 7 9 10 12 | 12.4
Armour         | 1 2 3 4 |  4.9
Maces & Flails | 1 2 3 |  3.3
Dodging        | 2 3 4 5 6 |  6.3
Stealth        | 1 2 3 |  3.4
Long Blades    | 3 5 6 8 9 |  9.7
Invocations    | 1 2 3 |  3.5
Polearms       | 3 4 5 6 |  6.0
Evocations     | 1 |  1.3

Action                   |  1- 3 |  4- 6 |  7- 9 | 10-12 | 13-15 || total
-------------------------+-------+-------+-------+-------+-------++-------
Melee: Short sword       |    19 |       |     2 |       |       ||    21
       Kick              |     9 |    30 |    34 |   163 |   173 ||   409
       Hand axe          |    17 |    95 |    15 |       |       ||   127
       Morningstar       |       |    29 |    11 |       |       ||    40
       War axe           |       |       |    19 |       |       ||    19
       Mace              |       |       |     5 |       |       ||     5
       Battleaxe         |       |       |     1 |    40 |    56 ||    97
       Scimitar          |       |       |    78 |   328 |   216 ||   622
       Trident           |       |       |     4 |   136 |   172 ||   312
       Headbutt          |       |       |       |    43 |       ||    43
       Punch             |       |       |       |     3 |     8 ||    11
       Triple sword      |       |       |       |     1 |       ||     1
       Dire flail        |       |       |       |       |    36 ||    36
 Fire: Shortbow          |    66 |   104 |   420 |   616 |   289 ||  1495
Invok: Heroism           |       |       |     6 |    14 |    23 ||    43
Evoke: Wand              |       |       |       |    11 |     3 ||    14
  Use: Scroll            |       |     5 |     8 |    14 |    10 ||    37
       Potion            |       |     4 |       |     7 |     7 ||    18
 Stab: Sleeping          |     1 |       |     1 |     5 |     4 ||    11
       Distracted        |       |       |       |       |     2 ||     2
  Eat: Chunk             |    12 |     9 |    14 |    24 |     5 ||    64
       Royal jelly       |       |       |       |       |     4 ||     4
Armor: Leather armour    |    12 |    39 |     9 |    17 |   130 ||   207
       Robe              |     1 |    15 |    39 |    10 |       ||    65
       Scale mail        |       |       |    14 |    57 |       ||    71
       Troll leather arm |       |       |       |   130 |       ||   130
       Ring mail         |       |       |       |       |   133 ||   133
Dodge: Dodged            |    24 |    70 |   103 |   353 |   350 ||   900
Block: Other             |       |       |    16 |    69 |    63 ||   148
       Reflection        |       |       |     1 |       |     5 ||     6
       Rpst.: Scimitar   |       |       |    12 |    51 |    25 ||    88
